 Dungeon Crawl Stone Soup version 0.25.0-9-g26727b657a (webtiles) character file.

Game seed: 15083753025871279501

98 MisterFreud the Skirmisher (level 4, -8/44 HPs)
             Began as a Hill Orc Fighter on June 20, 2020.
             Was a Priest of Ru.
             Mangled by a two-headed ogre
             ... wielding a +0 giant spiked club
              (14 damage)
             ... on level 4 of the Dungeon.
             The game lasted 00:03:45 (2989 turns).

MisterFreud the Skirmisher (Hill Orc Fighter)       Turns: 2989, Time: 00:03:46

Health: -8/44      AC:  6    Str: 20    XL:     4   Next: 71%
Magic:  4/4        EV:  7    Int:  8    God:    Ru [***...]
Gold:   228        SH:  9    Dex: 10    Spells: 3/3 levels left

rFire    . . .     SeeInvis .   a - +0 war axe
rCold    . . .     Gourm    .   c - +0 kite shield
rNeg     . . .     Faith    .   b - +0 scale mail
rPois    .         Spirit   .   (no helmet)
rElec    .         Reflect  .   (no cloak)
rCorr    .         Harm     .   (no gloves)
MR       .....                  (no boots)
Stlth    ..........             (no amulet)
HPRegen  0.14/turn              (no ring)
MPRegen  0.09/turn              (no ring)

@: no status effects
A: no charms magic, no fire magic, no hexes magic, inexperienced 1
a: Draw Out Power, Renounce Religion


You were on level 4 of the Dungeon.
You worshipped Ru.
Ru was most pleased with you.
You were not hungry.

You visited 1 branch of the dungeon, and saw 4 of its levels.

You collected 228 gold pieces.

Inventory:

Hand Weapons
 a - a +0 war axe (weapon)
Missiles
 g - 9 boomerangs
 o - a throwing net (quivered)
 p - 39 poisoned darts
Armour
 b - a +0 scale mail (worn)
 c - a +0 kite shield (worn)
Jewellery
 n - an uncursed ring of fire
Wands
 r - a wand of enslavement (11)
 w - a wand of clouds (4)
Scrolls
 e - 2 scrolls of identify {unknown}
 h - 3 scrolls of teleportation {unknown}
 i - 2 scrolls of remove curse {unknown}
 j - a scroll of immolation {unknown}
 k - a scroll of enchant weapon {unknown}
 m - a scroll of enchant armour {unknown}
 q - 2 scrolls of fear {unknown}
 s - a scroll of amnesia {unknown}
 v - a scroll of blinking {unknown}
Potions
 l - 3 potions of curing {unknown}
 t - a potion of heal wounds {unknown}
 u - a potion of ambrosia {unknown}
Comestibles
 d - 8 chunks of flesh
 f - 4 rations


   Skills:
 - Level 6.0 Fighting
 + Level 5.5 Axes
 - Level 3.5 Armour
 - Level 3.7 Shields


You had 3 spell levels left.
You didn't know any spells.
Your spell library was empty.

Dungeon Overview and Level Annotations

Branches:
Dungeon (4/15)
 Temple: D:4-7

Altars:
Okawaru
Ru
Uskayaw


Innate Abilities, Weirdness & Mutations

You cannot study or cast Charms magic.
You cannot study or cast Fire magic.
You cannot study or cast Hexes magic.
You are somewhat inexperienced. (-2 XL)


Message History

The two-headed ogre struggles against the net. x2
The two-headed ogre struggles against the net.
You hit the two-headed ogre.
The two-headed ogre is lightly wounded.
The two-headed ogre struggles against the net.
You hit the two-headed ogre.
The two-headed ogre is lightly wounded.
The two-headed ogre struggles against the net.
The net rips apart, and the two-headed ogre comes free!
You hit the two-headed ogre.
The two-headed ogre is lightly wounded.
The two-headed ogre hits you with a +0 giant spiked club!
The two-headed ogre barely misses you.
You slash the two-headed ogre!
The two-headed ogre is moderately wounded.
The two-headed ogre hits you with a +0 giant spiked club!!
Ouch! That really hurt!
* * * LOW HITPOINT WARNING * * *
The two-headed ogre hits you with a +0 dire flail!
You die...

.........#..........#
.........#..........#
.........#..........#
.........#..........#
.........'..........#
.........#..........#
.........#..........#
.........#..........#
.........#......@...#
.........#......O...#
.........#.<........#
.........#..........#
#..........#
#..........#
#..........#
#..........#


You could see a two-headed ogre.

Vanquished Creatures
  An orc priest (D:3)
  2 orc wizards
  2 worker ants (D:4)
  4 adders
  An ooze (D:2)
  A dart slug (D:3)
  6 orcs
  A ball python (D:3)
  2 giant cockroaches
  7 goblins
  6 hobgoblins
  5 jackals
  2 quokkas
  5 bats
  3 frilled lizards
  6 kobolds
  6 rats
60 creatures vanquished.

Notes
Turn   | Place    | Note
-------+----------+-------------------------------------------
     0 | D:1      | MisterFreud the Hill Orc Fighter began the quest for the
                  | Orb.
     0 | D:1      | Reached XP level 1. HP: 19/19 MP: 1/1
   293 | D:1      | Reached XP level 2. HP: 24/27 MP: 2/2
   772 | D:2      | Found a faded altar of an unknown god.
   781 | D:2      | Became a worshipper of Ru the Awakened
   789 | D:2      | Gained mutation: You cannot study or cast Fire magic. [Ru
                  | sacrifice]
   789 | D:2      | Gained mutation: You cannot study or cast Hexes magic. [Ru
                  | sacrifice]
   789 | D:2      | Gained mutation: You cannot study or cast Charms magic. [Ru
                  | sacrifice]
   789 | D:2      | Reached * piety under Ru
   889 | D:2      | Reached skill level 4 in Fighting
   889 | D:2      | Reached XP level 3. HP: 28/33 MP: 3/3
  1318 | D:3      | Reached skill level 5 in Fighting
  1318 | D:3      | Reached XP level 4. HP: 11/42 MP: 4/4
  1642 | D:3      | Found a sacrificial altar of Ru.
  2412 | D:3      | Reached skill level 6 in Fighting
  2412 | D:3      | Reached XP level 5. HP: 50/50 MP: 5/5
  2699 | D:3      | Found a hide-covered altar of Uskayaw.
  2710 | D:3      | Found an iron altar of Okawaru.
  2802 | D:4      | Gained mutation: You are somewhat inexperienced. (-2 XL)
                  | [Ru sacrifice]
  2802 | D:4      | Reached XP level 4. HP: 44/44 MP: 4/4
  2802 | D:4      | Reached XP level 3. HP: 37/37 MP: 3/3
  2802 | D:4      | Reached ** piety under Ru
  2802 | D:4      | Reached *** piety under Ru
  2844 | D:4      | Reached skill level 5 in Axes
  2844 | D:4      | Reached XP level 4. HP: 42/44 MP: 4/4
  2981 | D:4      | Noticed a two-headed ogre
  2989 | D:4      | Mangled by a two-headed ogre

Illustrated notes

Levels and vault maps discovered:
D:1:      lemuel_arrival_behind_the_door_large, layout_rooms
D:2:      layout_loops_ring, chequers_ecumenical_altar_simple,
          minmay_parallelograms, serial_park_tiny_2, serial_bayou_lake_a
D:3:      layout_loops_ring, amethyst_overflow_temple_binary,
          nicolae_ru_sacrificial_ziggurat
D:4:      layout_gridville, cheibriados_altar_1

Skill      XL: |  1  2  3  4  5 |
---------------+----------------+-----
Axes           | 3 5 4 |  5.5
Fighting       | 4 5 6 |  6.0
Armour         | |  3.5
Shields        | |  3.7

Action                   |  1- 3 |  4- 6 || total
-------------------------+-------+-------++-------
Melee: War axe           |   101 |    90 ||   191
Throw: Throwing net      |       |     1 ||     1
Invok: Sacrifice Arcana  |     1 |       ||     1
       Sacrifice Experie |     1 |       ||     1
  Use: Potion            |     1 |       ||     1
  Eat: Chunk             |     1 |     6 ||     7
Armor: Scale mail        |    41 |    28 ||    69
Dodge: Dodged            |    36 |    32 ||    68
Block: Kite shield       |    57 |    51 ||   108
